 Dungeon Crawl Stone Soup version 0.28-a0-114-g2bf3c13a2f (webtiles) character file.

Game seed: 776573938883888225

12984 Rohain the Demolition Demonspawn (level 11, -9/87 HPs)
             Began as a Demonspawn Gladiator on Aug 12, 2021.
             Was an Elder of Makhleb.
             Mangled by Rupert (27 damage)
             ... on level 12 of the Dungeon.
             The game lasted 00:19:02 (12237 turns).

Rohain the Demolition Demonspawn (DsGl)            Turns: 12237, Time: 00:19:02

Health: -9/87      AC: 22    Str: 21    XL:     11   Next: 69%
Magic:  18/18      EV: 15    Int: 11    God:    Makhleb [****..]
Gold:   649        SH: 17    Dex: 22    Spells: 10/10 levels left

rFire   + . .      SeeInvis .   j - +4 demon blade (venom)
rCold   . . .      Faith    .   i - +2 buckler {AC+3}
rNeg    + + .      Spirit   .   u - +3 chain mail "Yxkoiv" {rF+ rN+}
rPois   .          Reflect  +   f - +1 hat "Gutigho" {Str+3 Int+2 Dex+3}
rElec   .          Harm     .   (no cloak)
rCorr   .          Rampage  .   G - +2 pair of gloves
Will    +....                   p - +0 pair of boots
Stlth   ..........              g - amulet of reflection
HPRegen 0.24/turn               x - ring of willpower
MPRegen 0.16/turn               J - ring "Irghas" {rN+ Dex+4}

@: no status effects
A: antennae 2, sturdy frame 2, condensation shield
a: Renounce Religion, Minor Destruction, Lesser Servant of Makhleb, Major
Destruction


You were on level 12 of the Dungeon.
You worshipped Makhleb.
Makhleb was greatly pleased with you.
You visited 1 branch of the dungeon, and saw 12 of its levels.
You also visited: Bailey.

You collected 649 gold pieces.

Inventory:

Hand Weapons
 a - a +0 long sword
 j - a +4 demon blade of venom (weapon)
 r - a +1 long sword of protection
 L - the +9 rapier "Qexzifyl" {vorpal, rElec Will- Int+7}
   (You found it on level 11 of the Dungeon)

   It inflicts extra damage upon your enemies.
   Int:       It affects your intelligence (+7).
   rElec:     It insulates you from electricity.
   Will:      It decreases your willpower.
Missiles
 y - 31 boomerangs
 N - 4 javelins
Armour
 b - a +0 leather armour
 c - a +0 helmet
 f - the +1 hat "Gutigho" (worn) {Str+3 Int+2 Dex+3}
   (You acquired it in a bailey)

   Str:       It affects your strength (+3).
   Int:       It affects your intelligence (+2).
   Dex:       It affects your dexterity (+3).
 i - a +2 buckler of protection (worn)
 l - a +2 ring mail of cold resistance
 p - a +0 pair of boots (worn)
 q - the +1 scale mail of the Hart {Slay+2}
   (You found it in a bailey)

   Slay:      It affects your accuracy & damage with ranged weapons and melee
   (+2).
 u - the +3 chain mail "Yxkoiv" (worn) {rF+ rN+}
   (You found it on level 5 of the Dungeon)

   rF:        It protects you from fire.
   rN:        It protects you from negative energy.
 G - a +2 pair of gloves (worn)
 K - +0 acid dragon scales
Jewellery
 g - an amulet of reflection (around neck)
 s - a ring of fire
 x - a ring of willpower (left hand)
 J - the ring "Irghas" (right hand) {rN+ Dex+4}
   (You found it on level 10 of the Dungeon)

   [ring of positive energy]

   Dex:       It affects your dexterity (+4).
   rN:        It protects you from negative energy.
Wands
 t - a wand of flame (77)
 D - a wand of mindburst (13)
 F - a wand of acid (3)
 H - a wand of digging (4)
Scrolls
 d - 3 scrolls of fog
 k - 3 scrolls of identify
 m - 6 scrolls of teleportation
 o - 4 scrolls of magic mapping
 I - 3 scrolls of enchant armour
Potions
 e - a potion of haste
 h - a potion of magic
 n - 2 potions of resistance
 v - 2 potions of cancellation
 w - 4 potions of degeneration
 z - 3 potions of brilliance
 A - 2 potions of flight
 B - a potion of invisibility
 C - 2 potions of curing
 E - 2 potions of attraction
 M - a potion of heal wounds


   Skills:
 + Level 8.8 Fighting
 + Level 8.3 Long Blades
 - Level 1.7 Throwing
 + Level 7.3 Armour
 + Level 8.5 Dodging
 - Level 4.0 Shields
 + Level 9.5 Invocations


You had 10 spell levels left.
You didn't know any spells.
Your spell library contained the following spells:

 Spells                   Type           Power      Damage    Failure   Level
 Shock                    Conj/Air       0%         1d3       71%         1
 Ozocubu's Armour         Ice            0%         N/A       97%         3
 Swiftness                Air            0%         N/A       97%         3
 Airstrike                Air            0%         N/A       100%        4
 Summon Lightning Spire   Summ/Air       0%         N/A       100%        4
 Ozocubu's Refrigeration  Ice            0%         4d5       100%        7
 Storm Form               Tmut/Air       0%         N/A       100%        7
 Maxwell's Capacitive Co  Air            0%         ∞         100%        8


Dungeon Overview and Level Annotations

Branches:
Dungeon (12/15)            Temple (0/1) D:7            Lair (0/6) D:9
    Orc (0/2) D:10         Bailey (visited)

Altars:
Ashenzari
Dithmenos
Hepliaklqana
Makhleb
Nemelex Xobeh
Okawaru
Qazlal
Ru
Sif Muna
Trog
Uskayaw
Vehumet

Shops:
D:1 [

Annotations:
D:3 3 runed translucent doors, Dittersdorf's ghost, amateur GrFi
D:7 2 transporters, PewDiePie's ghost, novice GnCj
D:8 2 transporters, exclusion: oklob plant, Cancer's ghost, journeyman GrCj
D:12 Rupert


Innate Abilities, Weirdness & Mutations

You have a pair of antennae on your head.
Your movements are less encumbered by armour. (ER -4)
A meltable shield of frost defends you. (SH +4)


Message History

You convulse.
You slash Rupert!
Rupert looks as sick as possible!
Rupert is heavily wounded.
Rupert roars madly and goes into a rage!
Rupert goes berserk!
You hit Rupert.
Rupert looks as sick as possible!
Rupert is heavily wounded.
You block Rupert's attack.
Unknown command.
You barely miss Rupert.
Rupert is heavily wounded.
Rupert hits you with a +2 great sword of holy wrath!
You convulse!
You closely miss Rupert.
Rupert is heavily wounded.
Rupert is no longer covered in acid.
Rupert misses you. x2
You slash Rupert!
Rupert looks as sick as possible!
Rupert is heavily wounded.
Your icy envelope is restored.
Rupert misses you.
You riposte.
You slice Rupert!!
Rupert is severely wounded.
You closely miss Rupert.
Rupert is severely wounded.
You block Rupert's attack.
You hit Rupert.
Rupert is severely wounded.
Rupert hits you with a +2 great sword of holy wrath!
You convulse!
Rupert hits you but does no damage.
You closely miss Rupert.
Rupert is severely wounded.
You block Rupert's attack.
You hit Rupert.
Rupert is severely wounded.
You block Rupert's attack.
You slash Rupert!
Rupert looks as sick as possible!
Rupert is severely wounded.
Rupert hits you with a +2 great sword of holy wrath!!
* * * LOW HITPOINT WARNING * * *
You convulse!!
You die...

#.........
#.......$.
#.........
#.........
#........$
#.........
#..(......
#.@@......
#.........
##########


You could see Rupert (berserk, extremely poisoned).

Vanquished Creatures
  A hydra (D:11)
  2 two-headed ogres
  A tengu warrior (D:10)
  2 manticores (D:11)
  An ugly thing (D:11)
  2 centaur zombies
  Joseph (D:8)
  Psyche (D:8)
  2 komodo dragons
  A freezing wraith (D:11)
  2 hornets
  A slime creature (D:11)
  A wraith (D:10)
  2 wyverns
  11 yaks
  5 vampire mosquitoes (D:11)
  Menkaure (D:7)
  An acid dragon (D:10)
  A water moccasin (D:6)
  6 orc warriors
  2 black bears
  An ice beast (D:8)
  A sky beast (D:7)
  A hornet zombie (D:8)
  A necrophage (D:6)
  2 ogres
  4 centaurs
  A bullfrog (D:7)
  3 scorpions
  A water moccasin zombie (D:6)
  A water moccasin skeleton (D:6)
  12 killer bees
  4 wights (D:7)
  A gnoll shaman (D:8)
  3 hounds
  2 jellies
  8 orc priests
  A centaur skeleton (D:5)
  3 iguanas
  14 orc wizards
  A killer bee zombie (D:7)
  2 howler monkey zombies (D:9)
  Robin (D:2)
  8 gnolls
  13 adders
  2 ufetubi
  2 dart slugs (D:1)
  46 orcs
  8 endoplasms
  A giant cockroach (D:1)
  19 goblins
  11 hobgoblins
  7 jackals (D:1)
  17 kobolds
  5 quokkas
  7 ball pythons
  4 bats
  4 frilled lizards
  6 rats
275 creatures vanquished.

Vanquished Creatures (collateral kills)
  A hobgoblin (Bailey)
1 creature vanquished.

Vanquished Creatures (others)
  2 plants (D:9)
2 creatures vanquished.

Grand Total: 278 creatures vanquished

Notes
Turn   | Place    | Note
-------+----------+-------------------------------------------
     0 | D:1      | Rohain the Demonspawn Gladiator began the quest for the
                  | Orb.
     0 | D:1      | Reached XP level 1. HP: 16/16 MP: 1/1
   233 | D:1      | Found a faded altar of an unknown god.
   241 | D:1      | Gained mutation: A meltable shield of frost defends you.
                  | (SH +4) [demonic ancestry]
   241 | D:1      | Reached XP level 2. HP: 20/22 MP: 2/2
   599 | D:1      | Gained mutation: You have a pair of small antennae on your
                  | head. [demonic ancestry]
   599 | D:1      | Reached XP level 3. HP: 28/28 MP: 3/3
   754 | D:1      | Found Ujovy's Armour Shop.
  1745 | D:2      | Noticed Robin
  1759 | D:2      | Killed Robin
  1760 | D:2      | Reached XP level 4. HP: 12/35 MP: 4/4
  2484 | D:3      | HP: 1/52 [orc (4)]
  2489 | D:3      | Gained mutation: Your movements are slightly less
                  | encumbered by armour. (ER -2) [demonic ancestry]
  2489 | D:3      | Reached XP level 5. HP: 25/41 MP: 5/5
  2683 | D:3      | Found a runed translucent gate.
  2683 | D:3      | Found a runed translucent gate.
  2686 | D:3      | Noticed Dittersdorf's ghost (amateur GrFi)
  3225 | D:3      | Found a runed translucent gate.
  3682 | D:4      | Reached skill level 1 in Armour
  3886 | D:4      | Gained mutation: Your movements are less encumbered by
                  | armour. (ER -4) [demonic ancestry]
  3886 | D:4      | Reached XP level 6. HP: 48/48 MP: 6/6
  4046 | D:4      | Found a hazy altar of Hepliaklqana.
  4134 | D:4      | Found a bloodstained altar of Trog.
  4286 | D:5      | Entered Level 5 of the Dungeon
  4328 | D:5      | Found a hide-covered altar of Uskayaw.
  4415 | D:5      | Reached XP level 7. HP: 51/55 MP: 7/7
  4526 | D:5      | Identified the +3 chain mail "Yxkoiv" {rF+ rN+}
  4708 | D:5      | Found a burning altar of Makhleb.
  4710 | D:5      | Found a sparkling altar of Nemelex Xobeh.
  4939 | D:5      | Became a worshipper of Makhleb the Destroyer
  5038 | D:6      | Reached skill level 5 in Fighting
  5038 | D:6      | Reached skill level 5 in Long Blades
  5038 | D:6      | Reached skill level 5 in Dodging
  5038 | D:6      | Reached skill level 1 in Invocations
  5232 | D:6      | Gained mutation: You have a pair of antennae on your head.
                  | [demonic ancestry]
  5232 | D:6      | Reached XP level 8. HP: 54/62 MP: 7/9
  5375 | D:6      | Reached skill level 2 in Invocations
  6035 | D:7      | Noticed a two-headed ogre
  6053 | D:7      | Killed a two-headed ogre
  6054 | D:7      | Reached skill level 4 in Invocations
  6349 | D:7      | Reached XP level 9. HP: 64/69 MP: 12/12
  6373 | D:7      | Found a flagged portal.
  6382 | Bailey   | Entered a bailey
  6387 | Bailey   | Noticed an orc warlord
  6438 | Bailey   | Reached * piety under Makhleb
  6497 | Bailey   | HP: 1/69 [orc warrior (12)]
  6780 | Bailey   | Found a runed translucent gate.
  6782 | Bailey   | Acquired the +1 hat "Gutigho" {Str+3 Int+2 Dex+3}
  6789 | Bailey   | Found a runed translucent gate.
  6792 | Bailey   | Found a runed translucent gate.
  6882 | Bailey   | Identified the +1 scale mail of the Hart {Slay+2}
  6914 | D:7      | Acquired a +1 demon blade of venom
  6917 | D:7      | Acquired a +2 buckler of protection
  7209 | D:7      | Reached skill level 5 in Invocations
  7386 | D:7      | Noticed a moth of wrath
  7389 | D:7      | Noticed PewDiePie's ghost (novice GnCj)
  7394 | D:7      | Found a transporter.
  7403 | D:7      | Found a bloodstained altar of Trog.
  7425 | D:7      | Found a stormy altar of Qazlal.
  7432 | D:7      | Reached skill level 1 in Shields
  7489 | D:7      | Found a transporter.
  7492 | D:7      | Noticed a troll
  7541 | D:7      | Reached ** piety under Makhleb
  7779 | D:7      | Noticed Menkaure
  7785 | D:7      | Killed Menkaure
  7786 | D:7      | Reached skill level 5 in Armour
  7945 | D:7      | Found a staircase to the Ecumenical Temple.
  8265 | D:7      | Reached skill level 6 in Invocations
  8690 | D:8      | Reached *** piety under Makhleb
  8701 | D:8      | Reached XP level 10. HP: 58/79 MP: 14/14
  8821 | D:8      | Noticed Psyche
  8831 | D:8      | Killed Psyche
  8885 | D:8      | Noticed Joseph
  8894 | D:8      | Killed Joseph
  8982 | D:8      | Found a transporter.
  8987 | D:8      | Noticed an oklob plant
  8997 | D:8      | Found a radiant altar of Vehumet.
  9055 | D:8      | Found a transporter.
  9055 | D:8      | Noticed Cancer's ghost (journeyman GrCj)
  9780 | D:8      | Reached skill level 7 in Invocations
 10203 | D:9      | Found an iron altar of Okawaru.
 10275 | D:9      | Found a staircase to the Lair.
 10615 | D:10     | Entered Level 10 of the Dungeon
 10706 | D:10     | Noticed a two-headed ogre
 10714 | D:10     | Killed a two-headed ogre
 10797 | D:10     | Found a sacrificial altar of Ru.
 10806 | D:10     | Identified the ring "Irghas" {rN+ Dex+4}
 10853 | D:10     | Found a broken altar of Ashenzari.
 10936 | D:10     | Noticed a tengu warrior
 10950 | D:10     | Killed a tengu warrior
 10951 | D:10     | Reached skill level 8 in Invocations
 10951 | D:10     | Reached XP level 11. HP: 78/86 MP: 15/17
 11008 | D:10     | Found a shadowy altar of Dithmenos.
 11119 | D:10     | Found a staircase to the Orcish Mines.
 11391 | D:11     | Noticed a death knight
 11392 | D:11     | Noticed a skeletal warrior
 11458 | D:11     | Noticed a four-headed hydra
 11469 | D:11     | Killed a four-headed hydra
 11470 | D:11     | Reached **** piety under Makhleb
 11577 | D:11     | Noticed a purple ugly thing
 11586 | D:11     | Killed a purple ugly thing
 11587 | D:11     | Reached skill level 9 in Invocations
 11933 | D:11     | Found a shimmering blue altar of Sif Muna.
 12056 | D:11     | Identified the +9 rapier "Qexzifyl" {vorpal, rElec Will-
                  | Int+7}
 12217 | D:12     | Noticed Rupert
 12237 | D:12     | Mangled by Rupert

Illustrated notes

Levels and vault maps discovered:
D:1:      dpeg_arrival_chambers_temple_mockup, layout_basic, serial_shops, shop,
          hellmonk_ecumenical_altar_heavens_door
D:2:      layout_rooms, uniq_robin
D:3:      layout_loops_ring, gammafunk_ghost_split
D:4:      layout_cave_pools, trog_butcher_becter, old_standard_altar,
          chequers_serial_rivers_micro_a
D:5:      layout_rooms, mainiacjoe_overflow_chevrons, jmf_multi_god_temple,
          kennysheep_flooded_box
D:6:      layout_basic, minmay_fractal_squares_gapless_5
D:7:      layout_basic, nicolae_qazlal_general_emergency,
          minmay_temple_entry_poolview, enter_bailey_6,
          gammafunk_ghost_wrathful_warriors, uniq_menkaure
D:8:      layout_layer_cave, vehumet_altar_wand_db, nzn_ghost_randoct,
          grunt_ministairs_2, uniq_joseph, uniq_psyche
D:9:      layout_small_grid, okawaru_trees_1, david_lair_shrubbed,
          mrwooster_statue_mirror
D:10:     layout_rooms, old_standard_altar, nicolae_ashenzari_panopticon,
          lemuel_crystal_altar, orc_0_dummy, evilmike_butchery
D:11:     layout_irregular_city, lemuel_blue_sif_altar
D:12:     layout_cross, minmay_checkered_concentric_circles, uniq_rupert

Skill      XL: |  1  2  3  4  5  6  7  8  9 10 11 |
---------------+----------------------------------+-----
Dodging        | 3 4 5 6 7 8 |  8.5
Long Blades    | 3 4 5 6 7 8 |  8.3
Fighting       | 3 4 5 6 7 8 |  8.8
Armour         | 1 2 3 4 5 6 7 |  7.3
Invocations    | 1 4 6 8 9 |  9.5
Shields        | 2 4 |  4.0
Throwing       | |  1.7

Action                   |  1- 3 |  4- 6 |  7- 9 | 10-12 || total
-------------------------+-------+-------+-------+-------++-------
Melee: Long sword        |   105 |   197 |   236 |       ||   538
       Demon blade       |       |       |   203 |   285 ||   488
Throw: Throwing net      |     1 |     1 |     3 |       ||     5
       Boomerang         |       |       |    16 |       ||    16
Invok: Minor Destruction |       |       |       |    17 ||    17
       Lesser Servant of |       |       |       |     1 ||     1
Evoke: Wand              |       |       |       |     4 ||     4
  Use: Scroll            |     3 |     6 |    17 |     4 ||    30
       Potion            |       |     3 |     6 |     2 ||    11
 Stab: Sleeping          |     1 |       |       |       ||     1
       Held in net/web   |       |       |     2 |       ||     2
Armor: Leather armour    |    30 |       |       |       ||    30
       Ring mail         |     4 |    72 |     9 |       ||    85
       Skin              |       |     7 |       |       ||     7
       Chain mail        |       |       |   157 |   124 ||   281
Dodge: Dodged            |    46 |   134 |   217 |   143 ||   540
Block: Other             |    13 |    55 |   114 |       ||   182
       Reflection        |       |       |    23 |     6 ||    29
       Buckler           |       |       |   199 |   267 ||   466
       Rpst.: Long sword |    18 |    40 |    35 |       ||    93
       Demon blade       |       |       |    20 |    29 ||    49

Table legend: (Time is in decaauts)
 A = Elapsed time spent in this place.
 B = Non-inter-level travel time spent in this place.
 C = Inter-level travel time spent in this place.
 D = Time resting spent in this place.
 E = Time spent auto-exploring this place.
 F = Levels seen in this place.
 G = Mean time per level.
                   A        B        C        D        E       F      G
               +--------+--------+--------+--------+--------+-----+--------+
         Total |  12317 |  11997 |    320 |   2220 |   7561 |  13 |  947.5 |
       Dungeon |  11794 |  11474 |    320 |   2001 |   7511 |  12 |  982.8 |
        Bailey |    522 |    522 |      0 |    219 |     50 |   1 |  522.0 |
               +--------+--------+--------+--------+--------+-----+--------+

Top non-repeatable levels by time:
     D:7: 1978 daAuts
     D:8: 1413 daAuts
     D:3: 1319 daAuts
     D:2: 1143 daAuts
     D:1: 1068 daAuts
     D:6: 1054 daAuts
    D:10: 826 daAuts
     D:4: 819 daAuts
    D:11: 760 daAuts
     D:9: 709 daAuts
     D:5: 678 daAuts
  Bailey: 522 daAuts
    D:12: 22 daAuts
